 Dungeon Crawl Stone Soup version 0.32-a0-485-g70f7560 (webtiles) character file.

Game seed: 14859613701716093885

535 Remcycle the Cleaver (level 7, 57/57 HPs)
             Began as a Pale Draconian Monk on Feb 26, 2024.
             Quit the game on level 4 of the Dungeon.
             The game lasted 00:09:07 (3823 turns).

Remcycle the Cleaver (Pale Draconian Monk)          Turns: 3823, Time: 00:09:08

Health: 57/57      AC:  8    Str: 16    XL:     7   Next: 4%
Magic:  7/7        EV: 17    Int: 10    God:
Gold:   219        SH:  0    Dex: 13    Spells: 6/6 levels left

rFire   . . .        a - +0 hand axe
rCold   . . .        c - orb {light}
rNeg    . . .        (body armour unavailable)
rPois   .            (helmet restricted)
rElec   .            p - +0 cloak
rCorr   .            h - +0 pair of gloves
SInv    .            (no boots)
Will    .....        (no amulet)
Stlth   +            k - +5 ring of evasion
HPRegen 0.29/turn    (no ring)
MPRegen 0.10/turn

%: no passive effects
@: glowing
A: breathe steam, AC +6, unfitting armour, cold-blooded, steam resistance
a: Breathe Steam


You were on level 4 of the Dungeon.
You visited 1 branch of the dungeon, and saw 5 of its levels.

You collected 219 gold pieces.

Inventory:

Hand Weapons
 a - a +0 hand axe (weapon)
Armour
 c - an orb of light (worn)
 h - a +0 pair of gloves (worn)
 p - a +0 cloak (worn)
Jewellery
 k - a +5 ring of evasion (left hand)
 n - an amulet of the acrobat
 r - a ring of wizardry
 t - a +6 ring of intelligence
 u - the amulet "Hewneas" {Spirit Will+}
   (You took it off a kobold on level 4 of the Dungeon)

   [amulet of guardian spirit]

   Spirit:    It causes incoming damage to be divided between your reserves of
   health and magic.
   Will+:     It increases your willpower.
Scrolls
 g - 3 scrolls of revelation
 i - 3 scrolls of teleportation
 j - a scroll of butterflies
Potions
 b - 2 potions of ambrosia
 d - a potion of resistance
 e - 3 potions of haste
 f - 2 potions of degeneration
 l - a potion of berserk rage
 m - a potion of mutation {unknown}
 o - a potion of enlightenment
 q - a potion of curing
 s - a potion of brilliance {unknown}
 v - a potion of might {unknown}


   Skills:
 - Level 3.2 Fighting
 + Level 8.1 Axes
 - Level 2.6 Dodging


You had 6 spell levels left.
You didn't know any spells.
Your spell library was empty.

Dungeon Overview and Level Annotations

Branches:
Dungeon (5/15)
 Temple: D:4-7

Altars:
Qazlal
Sif Muna

Shops:
D:3 *   D:4 *:

Annotations:
D:5 Edmund, Grinder


Innate Abilities, Weirdness & Mutations

You can breathe blasts of scalding, opaque steam.
Your pale cyan-grey scales are hard. (AC +6)
You cannot fit into any form of body armour.
You are cold-blooded and may be slowed by cold attacks.
You are immune to the effects of steam.


Message History

The hound completely misses you.
Grinder blinks!
The hound attacks as it pursues you! The hound bites you but does no damage.
The hound closely misses you. The hound attacks as it pursues you!
The hound misses you. The hound bites you but does no damage.
The hound attacks as it pursues you! The hound barely misses you.
The hound attacks as it pursues you!
The hound bites you but does no damage. x2
The hound attacks as it pursues you! The hound barely misses you.
The hound attacks as it pursues you! The hound closely misses you.
The hound bites you but does no damage.
Things that are here:
a +0 dagger; a +0 robe The hound misses you.
Items here: ( ))) [[ †.
The hound attacks as it pursues you! The hound bites you but does no damage.
The hound barely misses you.
There is a stone staircase leading up here.
The hound bites you but does no damage. The hound misses you.
You climb upwards.
There is a stone staircase leading down here.
You hit the hound but do no damage. The hound misses you.
You hit the hound.
The hound is moderately wounded.
The hound bites you but does no damage.
You hit the hound.
The hound is severely wounded.
The hound completely misses you. The hound bites you but does no damage.
You barely miss the hound. You tail-slap the hound.
The hound is almost dead.
The hound closely misses you.
You hit the hound.
You kill the hound!
You have reached level 7!
Your scales start taking on a pale cyan-grey colour.
You learn Fire Magic quicker.
You learn Air Magic quicker.
You learn Evocations quicker.
You can breathe blasts of scalding, opaque steam.
You are now immune to the effects of steam.
Unknown command.
Are you sure you want to abandon this character and quit the game? (Confirm with "yes".)

########## #........#
#.######.# #.# #.# ##### #.#
####.#########
#.).########.###............#
#...........@†......#######.#
#...###..##.##....### #.#
##.## #..##.#......## #.# #.#
#..##.#.......# #.# #.#
#.............# ###.#
#.####.###.#.......# #....
#..>.#.# #.##.....## ##....
####.#.###.###...## #.....
#.#.....##...## #.....


There were no monsters in sight!

Vanquished Creatures
  A black bear (D:4)
  A scorpion (D:4)
  3 hounds (D:4)
  Crazy Yiuf (D:2)
  Jessica (D:2)
  3 orc wizards (D:5)
  7 adders
  3 ribbon worms
  A dart slug (D:2)
  8 orcs
  5 bats
  10 endoplasms
  2 giant cockroaches
  6 goblins
  7 hobgoblins
  8 jackals
  A quokka (D:3)
  10 ball pythons
  5 frilled lizards
  9 kobolds
  3 rats
95 creatures vanquished.

Notes
Turn   | Place    | Note
-------+----------+-------------------------------------------
     0 | D:1      | Remcycle the Draconian Monk began the quest for the Orb.
     0 | D:1      | Reached XP level 1. HP: 19/19 MP: 1/1
   117 | D:1      | Reached XP level 2. HP: 17/26 MP: 2/2
   328 | D:1      | Reached skill level 4 in Axes
   545 | D:2      | Reached XP level 3. HP: 31/31 MP: 3/3
   605 | D:2      | Found a faded altar of an unknown god.
   664 | D:2      | Noticed Jessica
   669 | D:2      | Killed Jessica
   670 | D:2      | Reached skill level 5 in Axes
   670 | D:2      | Reached XP level 4. HP: 33/38 MP: 4/4
   889 | D:2      | Found a stormy altar of Qazlal.
  1101 | D:2      | Found a runed translucent door.
  1102 | D:2      | Noticed Crazy Yiuf
  1636 | D:2      | Killed Crazy Yiuf
  1857 | D:3      | Reached XP level 5. HP: 44/45 MP: 5/5
  2138 | D:3      | Reached skill level 6 in Axes
  2349 | D:3      | Found Buohiun's General Store.
  2564 | D:4      | Noticed a black bear
  2577 | D:4      | Killed a black bear
  2578 | D:4      | Reached XP level 6. HP: 24/51 MP: 6/6
  2746 | D:4      | Found Bonum's Overcharged Wands.
  2755 | D:4      | Reached skill level 7 in Axes
  2798 | D:4      | Found Cabirr's Book Shop.
  3032 | D:4      | Identified the amulet "Hewneas" {Spirit Will+}
  3128 | D:4      | Found a shimmering blue altar of Sif Muna.
  3724 | D:5      | Entered Level 5 of the Dungeon
  3763 | D:5      | Reached skill level 8 in Axes
  3795 | D:5      | Noticed Edmund
  3795 | D:5      | Noticed Grinder
  3823 | D:4      | Your scales start taking on a pale cyan-grey colour.
  3823 | D:4      | Reached XP level 7. HP: 57/57 MP: 7/7
  3823 | D:4      | Gained mutation: You are immune to the effects of steam.
                  | [Pale Draconian growth]
  3823 | D:4      | Quit the game

Illustrated notes

Levels and vault maps discovered:
D:1:      minmay_arrival_four_loops, layout_rooms
D:2:      layout_basic, hellmonk_ecumenical_altar_run_dry, basic_altar,
          uniq_crazy_yiuf_cottage, uniq_jessica
D:3:      layout_basic, serial_shops, nicolae_square_shop, minmay_cupped
D:4:      layout_loops_corners, hellmonk_sif_muna_bookshelves, serial_shops,
          kennysheep_mini, nicolae_shop_overcharged_wands
D:5:      layout_rooms, minmay_temple_entry_trees, minmay_chambers_of_fives,
          uniq_duvessa, uniq_edmund, uniq_grinder

Skill      XL: |  1  2  3  4  5  6 |
---------------+-------------------+-----
Axes           | 4 5 6 8 |  8.1
Fighting       | |  3.2
Dodging        | |  2.6

Action                     |  1- 3 |  4- 6 |  7- 9 || total
---------------------------+-------+-------+-------++-------
  Melee: Hand axe          |    73 |   214 |       ||   287
         Tailslap          |    13 |    44 |       ||    57
    Use: Scroll            |       |    12 |       ||    12
 Armour: Skin              |    30 |    71 |       ||   101
  Dodge: Dodged            |    57 |   178 |       ||   235

Table legend: (Time is in decaauts)
 A = Elapsed time spent in this place.
 B = Non-inter-level travel time spent in this place.
 C = Inter-level travel time spent in this place.
 D = Time resting spent in this place.
 E = Time spent auto-exploring this place.
 F = Levels seen in this place.
 G = Mean time per level.
                   A        B        C        D        E       F      G
               +--------+--------+--------+--------+--------+-----+--------+
         Total |   3830 |   3640 |    190 |     97 |   2852 |   5 |  766.0 |
       Dungeon |   3830 |   3640 |    190 |     97 |   2852 |   5 |  766.0 |
               +--------+--------+--------+--------+--------+-----+--------+

Top non-repeatable levels by time:
     D:2: 1223 daAuts
     D:4: 1106 daAuts
     D:3: 886 daAuts
     D:1: 523 daAuts
     D:5: 90 daAuts
